 Dungeon Crawl Stone Soup version 0.21-a0-633-g4c047d5 (webtiles) character file.

17733 hyperaryth the Bludgeoner (level 12, 0/105 HPs)
             Began as a Deep Dwarf Berserker on Dec 28, 2017.
             Was a Priest of Trog.
             Shot with an arrow by Nessos (7 damage)
             ... while paralysed
             ... on level 5 of the Lair of Beasts.
             The game lasted 01:30:59 (14409 turns).

hyperaryth the Bludgeoner (Deep Dwarf Berserker)   Turns: 14409, Time: 01:31:00

Health: 0/105      AC: 16    Str: 23    XL:     12   Next: 21%
Magic:  11/11      EV:  2    Int: 11    God:    Trog [***...]
Gold:   236        SH:  0    Dex:  7    Spells: 11/11 levels left

rFire    + . .     SeeInvis .   H - +5 great mace (crush)
rCold    + . .     Gourm    .   (shield currently unavailable)
rNeg     + + +     Faith    .   p - +5 ring mail "Xufyaw" {*Contam rN+++ Dex-5 Stlth+}
rPois    .         Spirit   .   S - +0 helmet
rElec    .         Reflect  .   m - +0 cloak
rCorr    .         Harm     .   k - +1 pair of gloves
MR       +....                  (no boots)
Stlth    +.........             (no amulet)
HPRegen  0.00/turn              e - ring of protection from cold
MPRegen  0.12/turn              C - ring of protection from fire

@: paralysed, lethally poisoned (0 -> -28), berserk cooldown, non-regenerating,
slowed
A: damage resistance, heal wounds, sense surroundings 2, no regeneration
a: Heal Wounds, Berserk, Trog's Hand, Burn Spellbooks, Renounce Religion


You were on level 5 of the Lair of Beasts.
You worshipped Trog.
Trog was most pleased with you.
You were hungry.

You visited 2 branches of the dungeon, and saw 15 of its levels.
You also visited: Bailey.

You collected 792 gold pieces.
You spent 556 gold pieces at shops.

Inventory:

Hand Weapons
 a - a +1 mace
 r - the +1 bardiche "Agudosh" {speed, rN+}
   (You acquired it on level 9 of the Dungeon)

   Attacks with this weapon are significantly faster.
   It protects you from negative energy.
 B - a +1 flail of crushing
 H - a +5 great mace of crushing (weapon)
 K - a +0 mace of holy wrath
Missiles
 v - 6 poisoned javelins (quivered)
Armour
 b - a +0 animal skin
 f - a +0 scale mail
 k - a +1 pair of gloves (worn)
 l - a +0 chain mail
 m - a +0 cloak (worn)
 p - the +5 ring mail "Xufyaw" (worn) {*Contam rN+++ Dex-5 Stlth+}
   (You found it on level 5 of the Dungeon)

   It affects your dexterity (-5).
   It renders you almost immune to negative energy.
   It causes magical contamination when unequipped.
   It makes you more stealthy.
 F - the +3 buckler of Whack-A-Mole {rC+ Int+2}
   (You acquired it on level 9 of the Dungeon)

   It affects your intelligence (+2).
   It protects you from cold.
 S - a +0 helmet (worn)
Jewellery
 e - a ring of protection from cold (left hand)
 s - a +2 ring of strength
 y - a +3 ring of dexterity
 A - an uncursed ring of wizardry
 C - a ring of protection from fire (right hand)
 D - the ring of Music {Fire Int+6}
   (You took it off an orc warrior on level 9 of the Dungeon)

   [ring of fire]

   It enhances your fire magic.
   It affects your intelligence (+6).
   It protects you from fire.
   It makes you vulnerable to cold.
 Q - an uncursed ring of stealth
Wands
 i - a wand of polymorph (37)
 n - a wand of random effects (53)
 z - a wand of acid (7)
 M - a wand of digging (7)
 N - a wand of iceblast (9)
 O - a wand of clouds (2)
Scrolls
 h - 6 scrolls of remove curse
 j - 2 scrolls of teleportation
 x - 6 scrolls of enchant armour
 E - 8 scrolls of identify
 G - 2 scrolls of fog
 L - 2 scrolls of fear
 P - a scroll of magic mapping
Potions
 d - 2 potions of might
 g - 2 potions of brilliance
 o - 4 potions of agility
 q - 4 potions of haste
 t - 2 potions of lignification
 u - 4 potions of magic
 w - 2 potions of berserk rage
 I - 2 potions of curing
 J - a potion of mutation
 T - a potion of ambrosia {unknown}
Comestibles
 c - 28 rations
 R - 8 chunks of flesh


   Skills:
 - Level 6.0 Fighting
 + Level 17.4 Maces & Flails
 - Level 6.5 Armour
 - Level 2.1 Dodging
 - Level 1.3 Shields


You had 11 spell levels left.
You didn't know any spells.

Dungeon Overview and Level Annotations

Branches:
Dungeon (10/15) Temple (0/1) D:4 Lair (5/6) D:9 Swamp (0/4) Lair:4 Spider (0/4) Lair:2 Lair:3 Slime: Lair:5-6 Orc: D:9-12

Altars:
Ashenzari
Cheibriados
Dithmenos
Fedhas
Makhleb
Okawaru
Qazlal
Sif Muna
Wu Jian
Xom

Shops:
D:9 ?!=

Annotations:
Lair:5 Nessos


Innate Abilities, Weirdness & Mutations

You are resistant to damage.
You can heal yourself by infusing magical energy.
You passively map the area around you.
You do not regenerate.


Message History

You pass out from exhaustion.
You feel yourself slow down.
You feel sick.
You feel sick.
Nessos gestures wildly while chanting.
Nessos seems to speed up.
Nessos shoots an arrow.
The arrow hits you!
* * * LOW HITPOINT WARNING * * *
The arrow burns you.
You are more poisoned.
You feel very sick.
Nessos shoots an arrow.
The arrow hits you!!
* * * LOW HITPOINT WARNING * * *
The arrow burns you.
You are more poisoned.
The porcupine bites you but does no damage.
* * * LOW HITPOINT WARNING * * *
You feel very sick.
Nessos shoots an arrow.
The arrow completely misses you.
The arrow misses the porcupine.
The porcupine bites you.
Nessos shoots an arrow.
The arrow hits you!
You die...

##* #######.*
###.####P#P#..##### #
#.##............#.####.
#..........(........#.. *
* #.......$#..#...##....
*,
#.........#.#..P#P....≈ ,
#.....P..(...#..#..♣≈≈≈ ,
#....#.r(##.....#...♣ * ,
, ,#?@####..(††<..♣ *
*#.......#....P.P..≈≈≈≈≈
...P.c.#..#.#P....♣≈≈≈P≈
* ,
,.P%.....#...#...#.♣≈≈≈≈≈
,
.#........?.........≈≈≈≈
,
,#.#...c........%.......
, , ,
#####...P........P.≈≈≈≈
** , ,
##..(#..#...♣≈.P≈≈P , * ,
,,, ≈


You could see Nessos and a porcupine.

Vanquished Creatures
  An orc warlord (Bailey)
  A hydra (Lair:2)
  2 two-headed ogres (D:9)
  An unseen horror (D:9)
  A manticore (D:9)
  4 spiny frogs
  3 komodo dragons
  A rime drake (Lair:4)
  5 blink frogs (Lair:4)
  5 hippogriffs
  3 wyverns
  13 yaks
  Grum (D:8)
  Eustachio (D:4)
  A basilisk (Lair:3)
  A hungry ghost (D:9)
  Duvessa (D:4)
  9 water moccasins
  8 porcupines
  A sky beast (D:6)
  4 orc warriors
  An ice beast (D:9)
  3 phantoms
  2 necrophages
  7 wolves
  3 ogres
  2 centaurs
  6 crocodiles
  A big kobold (D:5)
  10 bullfrogs
  Dowan (D:4)
  5 scorpions
  An electric eel (Lair:4)
  3 howler monkeys
  6 crimson imps
  3 hounds
  3 bullfrog skeletons
  6 orc priests
  2 centaur skeletons
  A gnoll shaman (D:6)
  5 orc wizards
  Ijyb (D:3)
  Crazy Yiuf (D:3)
  3 iguanas
  3 worker ants
  A hound skeleton (D:5)
  A mummy (D:5)
  A worker ant zombie (D:8)
  13 gnolls
  11 adders
  2 shadow imps
  2 oozes (D:3)
  An adder skeleton (D:4)
  5 worms
  7 leopard geckos
  29 orcs
  6 giant cockroaches
  15 goblins
  6 hobgoblins
  14 jackals
  3 quokkas
  3 ball pythons
  7 bats
  3 frilled lizards
  A jackal zombie (D:9)
  31 kobolds
  A quokka skeleton (D:5)
  A quokka zombie (D:7)
  7 rats
  A fungus (Lair:4)
318 creatures vanquished.

Vanquished Creatures (others)
  4 fungi
  9 plants
13 creatures vanquished.

Grand Total: 331 creatures vanquished

Notes
Turn   | Place    | Note
-------+----------+-------------------------------------------
     0 | D:1      | hyperaryth the Deep Dwarf Berserker began the quest for the Orb.
     0 | D:1      | Reached XP level 1. HP: 20/20 MP: 1/1
   229 | D:1      | Reached XP level 2. HP: 24/27 MP: 2/2
   531 | D:1      | Reached skill level 4 in Maces & Flails
   845 | D:2      | Reached ** piety under Trog
   845 | D:2      | Reached XP level 3. HP: 11/33 MP: 3/3
  1313 | D:2      | Found a blossoming altar of Fedhas.
  1548 | D:2      | Reached skill level 5 in Maces & Flails
  1548 | D:2      | Reached XP level 4. HP: 34/40 MP: 4/4
  1913 | D:2      | Reached XP level 5. HP: 46/46 MP: 5/5
  2145 | D:3      | Reached skill level 6 in Maces & Flails
  2479 | D:3      | Found a stormy altar of Qazlal.
  2993 | D:3      | Found a runed door.
  2997 | D:3      | Noticed Crazy Yiuf
  3041 | D:3      | Killed Crazy Yiuf
  3062 | D:3      | Found a burning altar of Makhleb.
  3062 | D:3      | Noticed Ijyb
  3081 | D:3      | Killed Ijyb
  3575 | D:4      | Noticed Duvessa
  3577 | D:4      | Noticed Dowan
  3602 | D:4      | Noticed an ogre
  3676 | D:4      | Reached XP level 6. HP: 45/55 MP: 6/6
  3736 | D:4      | Reached skill level 7 in Maces & Flails
  3784 | D:4      | Found a staircase to the Ecumenical Temple.
  3831 | D:5      | Entered Level 5 of the Dungeon
  4118 | D:4      | Reached skill level 8 in Maces & Flails
  4118 | D:4      | Reached XP level 7. HP: 23/61 MP: 7/7
  4221 | D:4      | Found a shattered altar of Ashenzari.
  4329 | D:4      | Killed Duvessa
  4345 | D:4      | Killed Dowan
  4345 | D:4      | Reached skill level 5 in Armour
  4524 | D:4      | Noticed Eustachio
  4537 | D:4      | Killed Eustachio
  4820 | D:5      | Reached XP level 8. HP: 42/68 MP: 8/8
  5024 | D:5      | Reached skill level 5 in Fighting
  5546 | D:5      | Got a faintly glowing ring mail
  5557 | D:5      | Identified the +5 ring mail "Xufyaw" {*Contam rN+++ Dex-5 Stlth+} (You found it on level 5 of the Dungeon)
  5778 | D:5      | Found a snail-covered altar of Cheibriados.
  5852 | D:6      | Reached *** piety under Trog
  6578 | D:6      | Reached skill level 9 in Maces & Flails
  6578 | D:6      | Gained mutation: You passively map the area around you. [Deep Dwarf growth]
  6578 | D:6      | Reached XP level 9. HP: 25/82 MP: 8/8
  6842 | D:6      | Found a shadowy altar of Dithmenos.
  7156 | D:7      | Reached skill level 10 in Maces & Flails
  7996 | D:8      | Found a flagged portal.
  8050 | Bailey   | Entered a bailey
  8095 | Bailey   | Noticed an orc warlord
  8258 | Bailey   | Reached skill level 11 in Maces & Flails
  8333 | Bailey   | Found a runed gate.
  8339 | Bailey   | Found a runed gate.
  8340 | Bailey   | Found a runed gate.
  8477 | Bailey   | Killed an orc warlord
  8477 | Bailey   | Reached skill level 12 in Maces & Flails
  8477 | Bailey   | Reached XP level 10. HP: 54/91 MP: 9/9
  8507 | Bailey   | Identified Biocs's Compendium of Shifting Combat Magic
  8524 | Bailey   | Received a gift from Trog
  8820 | D:9      | Found Ymmudgh's Jewellery Boutique.
  8930 | D:8      | Found an iron altar of Okawaru.
  9072 | D:8      | Noticed Grum
  9235 | D:8      | Killed Grum
  9518 | D:8      | Found an ornate altar of the Wu Jian Council.
  9708 | D:9      | Found Upogaris's Distillery.
  9725 | D:9      | Reached skill level 13 in Maces & Flails
  9733 | D:9      | Reached **** piety under Trog
  9838 | D:9      | Noticed a two-headed ogre
  9890 | D:9      | Killed a two-headed ogre
  9956 | D:9      | Found Hixumini's Magic Scroll Emporium.
  9966 | D:9      | Bought a scroll of teleportation for 42 gold pieces
  9966 | D:9      | Bought a scroll of identify for 28 gold pieces
  9966 | D:9      | Bought a scroll of identify for 28 gold pieces
  9966 | D:9      | Identified 2 scrolls of acquirement
  9969 | D:9      | Got a steaming buckler
  9975 | D:9      | Identified the +3 buckler of Whack-A-Mole {rC+ Int+2} (You acquired it on level 9 of the Dungeon)
  9976 | D:9      | Got a fine bardiche
 10012 | D:9      | Noticed a seven-headed hydra
 10047 | D:9      | Noticed a two-headed ogre
 10218 | D:9      | Noticed a manticore
 10228 | D:9      | Killed a manticore
 10228 | D:9      | Reached skill level 14 in Maces & Flails
 10296 | D:9      | HP: 3/91 [orc warrior/great mace of crushing (18)]
 10320 | D:9      | Reached skill level 1 in Shields
 10322 | D:9      | Got a smoking granite ring
 10513 | D:9      | Identified the ring of Music {Fire Int+6} (You took it off an orc warrior on level 9 of the Dungeon)
 10614 | D:9      | Killed a two-headed ogre
 10626 | D:10     | Entered Level 10 of the Dungeon
 10674 | D:9      | Bought a scroll of identify for 28 gold pieces
 10674 | D:9      | Bought a scroll of identify for 28 gold pieces
 10674 | D:9      | Bought a scroll of identify for 28 gold pieces
 10739 | D:9      | Killed an unseen horror
 10739 | D:9      | Reached XP level 11. HP: 13/97 MP: 10/10
 10809 | D:9      | Bought a potion of haste for 110 gold pieces
 10809 | D:9      | Bought a potion of curing for 33 gold pieces
 10809 | D:9      | Bought a potion of curing for 33 gold pieces
 10809 | D:9      | Bought a potion of haste for 110 gold pieces
 10809 | D:9      | Bought a potion of mutation for 88 gold pieces
 10825 | D:9      | Found a deep blue altar of Sif Muna.
 10830 | D:9      | Found a staircase to the Lair.
 10890 | Lair:1   | Entered Level 1 of the Lair of Beasts
 11416 | Lair:1   | Reached skill level 15 in Maces & Flails
 12126 | Lair:2   | Noticed a six-headed hydra
 12137 | Lair:2   | Killed a six-headed hydra
 12489 | Lair:2   | Reached skill level 16 in Maces & Flails
 12922 | Lair:3   | Found a hole to the Spider Nest.
 13176 | Lair:3   | Identified the +1 bardiche "Agudosh" {speed, rN+} (You acquired it on level 9 of the Dungeon)
 13666 | Lair:4   | Found a staircase to the Swamp.
 13703 | Lair:4   | Found a shimmering altar of Xom.
 13707 | Lair:4   | Reached XP level 12. HP: 76/105 MP: 11/11
 13852 | Lair:4   | Reached skill level 17 in Maces & Flails
 14392 | Lair:5   | Noticed Nessos
 14409 | Lair:5   | Shot with an arrow by Nessos

Vault maps used:
D:1:      tarquinn_simple_flora_water_f
D:2:      cheibrodos_pilgrimage, nicolae_overflow_hidden_temple
D:3:      lemuel_crystal_altar, lemuel_doored_altar, first_ration,
          minmay_misc_feat_iff, kennysheep_potato, uniq_crazy_yiuf_cottage,
          uniq_ijyb
D:4:      evilmike_ruin_ashenzari, minmay_temple_entry_large_hall, uniq_duvessa,
          uniq_eustachio
D:5:      chei_slow_surprise
D:6:      old_standard_altar, grunt_ministairs_14
D:8:      okawaru_ov_weapons_minmay, old_standard_altar, enter_bailey_3,
          uniq_grum
D:9:      minmay_the_grid_triangle_9x9_recursive_2, old_standard_altar,
          lair_entry_dummy, serial_shops, shop_statue, shop_fountains,
          nicolae_shop_crystal
D:10:     minmay_orc_entry_temple_small, basic_altar, serial_shops,
          nicolae_shop_trees
Lair:2:   beast_lair_carwin_2, grunt_megastairs_1, lemuel_fruit_tree,
          serial_bayou_shore_b
Lair:3:   dummy_spider_entry, lemuel_fruit_fields, uniq_gastronok
Lair:4:   swamp_mist, basic_altar, infiniplex_staircase_pool
Lair:5:   serial_bayou, serial_bayou_lagoon_b, serial_bayou_lagoon_a,
          serial_bayou_crossing, serial_bayou_lake_a, serial_bayou_shore_a,
          special_room, uniq_nessos
Bailey:   bailey_axe_bossmonster_kennysheep, bailey

Skill      XL: |  1  2  3  4  5  6  7  8  9 10 11 12 |
---------------+-------------------------------------+-----
Maces & Flails | 4 5 6 8 9 12 14 16 17 | 17.4
Armour         | 6 |  6.5
Fighting       | 6 |  6.0
Shields        | 1 |  1.3
Dodging        | |  2.1

Action                   |  1- 3 |  4- 6 |  7- 9 | 10-12 || total
-------------------------+-------+-------+-------+-------++-------
Melee: Mace              |   100 |   165 |   517 |       ||   782
       Flail             |       |       |       |   160 ||   160
       Great mace        |       |       |       |   274 ||   274
Invok: Trog's Hand       |     3 |     5 |    11 |    24 ||    43
       Berserk           |       |     2 |     7 |     7 ||    16
       Burn Spellbooks   |       |       |       |     3 ||     3
 Abil: Heal Wounds       |       |       |     1 |       ||     1
Evoke: Wand              |       |     7 |    25 |     1 ||    33
  Use: Scroll            |     2 |     3 |    12 |    10 ||    27
       Potion            |       |       |     1 |     3 ||     4
 Stab: Sleeping          |     1 |       |       |     1 ||     2
  Eat: Chunk             |     3 |     8 |    18 |    31 ||    60
       Ration            |       |     1 |     2 |     2 ||     5
Armor: Animal skin       |    13 |       |       |       ||    13
       Scale mail        |     6 |    64 |       |       ||    70
       Chain mail        |       |    29 |    92 |       ||   121
       Ring mail         |       |       |   184 |   185 ||   369
Dodge: Dodged            |    66 |    79 |   278 |   193 ||   616
Block: Buckler           |       |       |       |    14 ||    14

Table legend:
 A = Spawn XP
 B = Non-spawn XP
 C = Spawn XP percentage of total XP
 D = Spawn monster count
 E = Non-spawn monster count
 F = Spawn count percentage of total count
 G = Total turns spent on level
                    A         B        C        D         E        F      G
               +---------+---------+-------+---------+---------+-------+---------
         Total |       0 |   25334 |   0.0 |       0 |     317 |   0.0 | 14409
               +---------+---------+-------+---------+---------+-------+---------
           D:1 |       0 |      30 |   0.0 |       0 |      20 |   0.0 |  1121
           D:2 |       0 |     193 |   0.0 |       0 |      25 |   0.0 |   892
           D:3 |       0 |     155 |   0.0 |       0 |      24 |   0.0 |  1650
           D:4 |       0 |    1058 |   0.0 |       0 |      19 |   0.0 |  1286
           D:5 |       0 |     935 |   0.0 |       0 |      35 |   0.0 |  1241
           D:6 |       0 |    1117 |   0.0 |       0 |      37 |   0.0 |   987
           D:7 |       0 |     501 |   0.0 |       0 |      14 |   0.0 |  1026
           D:8 |       0 |    1586 |   0.0 |       0 |      26 |   0.0 |  1060
           D:9 |       0 |    4404 |   0.0 |       0 |      26 |   0.0 |  1118
        Lair:1 |       0 |    1509 |   0.0 |       0 |       8 |   0.0 |   910
        Lair:2 |       0 |    5322 |   0.0 |       0 |      23 |   0.0 |  1196
        Lair:3 |       0 |    2163 |   0.0 |       0 |      12 |   0.0 |   479
        Lair:4 |       0 |    3509 |   0.0 |       0 |      16 |   0.0 |   840
        Lair:5 |       0 |     997 |   0.0 |       0 |       5 |   0.0 |    94
        Bailey |       0 |    1855 |   0.0 |       0 |      27 |   0.0 |   488
               +---------+---------+-------+---------+---------+-------+---------
